 Dungeon Crawl Stone Soup version 0.18-a0-1350-g404b4cb (webtiles) character file.

182 Duffy the Cudgeler (level 5, 43/49 HPs)
             Began as a Naga Fighter on Feb 18, 2016.
             Quit the game on level 3 of the Dungeon.
             The game lasted 00:01:21 (1106 turns).

Duffy the Cudgeler (Naga Fighter)                   Turns: 1106, Time: 00:01:21

Health: 43/49      AC:  5    Str: 20    XL:     5   Next: 61%
Magic:  5/5        EV:  7    Int:  8    God:
Gold:   29         SH:  0    Dex: 10    Spells: 0 memorised, 4 levels left

rFire  . . .     SeeInvis +     n - -3 dire flail (curse)
rCold  . . .     Gourm    .     b - +0 scale mail
rNeg   . . .     Faith    .     (shield currently unavailable)
rPois  +         Spirit   .     (no helmet)
rElec  .         Dismiss  .     (no cloak)
rCorr  .         Reflect  .     (no gloves)
SustAt .         Harm     .     (no barding)
MR     .....                    (no amulet)
Stlth  ..........               (no ring)
                                (no ring)

@: very slow, not resistant to hostile enchantments, extremely unstealthy
A: see invisible, deformed body, poison resistance, slowness 2, slow metabolism
1, spit poison 2, AC +1
a: Spit Poison


You were on level 3 of the Dungeon.
You were not hungry.

You visited 1 branch of the dungeon, and saw 4 of its levels.

You collected 29 gold pieces.


Innate Abilities, Weirdness & Mutations

You cannot wear boots.
Your serpentine skin is tough (AC +1).
You have supernaturally acute eyesight.
Armour fits poorly on your strangely shaped body.
Your system is resistant to poisons.
You cover ground very slowly.
You have a slow metabolism.
You can spit poison.


   Skills:
 - Level 3.0 Fighting
 + Level 4.2 Maces & Flails
 - Level 2.4 Armour
 + Level 3.9 Shields


You had 4 spell levels left.
You didn't know any spells.

Inventory:

Hand Weapons
 a - a +0 flail
 n - a cursed -3 dire flail (weapon)
Armour
 b - a +0 scale mail (worn)
 c - a +0 shield
Wands
 m - a wand of polymorph (11/24)
Scrolls
 d - a scroll of recharging {unknown}
 e - a scroll of fog {unknown}
 g - a scroll of remove curse {unknown}
 i - 2 scrolls of identify {unknown}
 k - a scroll of teleportation {unknown}
Potions
 l - a potion of flight {unknown}
Comestibles
 f - a bread ration
 h - a slice of pizza
 j - a meat ration

Dungeon Overview and Level Annotations

Branches:
Dungeon (4/15)
 Temple: D:4-7

Altars:
Gozag

Annotations:
D:4 Natasha


Message History

An adder comes into view.
You see here a spear.
The adder barely misses you. The adder bites you but does no damage.
You hit the adder.
The adder is lightly wounded.
You block the adder's attack.
You closely miss the adder.
The adder is lightly wounded.
The adder bites you. You block the adder's attack.
You hit the adder.
The adder is heavily wounded.
The adder bites you.
You sock the adder!
You kill the adder!
No target in view!
No target in view!
No target in view!
No target in view!
No target in view!
No target in view!
No target in view!
No target in view!
No target in view!
No target in view!
No target in view!
No target in view!
Take off which item? (? for menu, Esc to quit)
You start removing your armour.
You continue taking off your +0 shield. x4
You finish taking off your +0 shield.
Wear which item? (? for menu, Esc to quit)
Okay, then.
Wield which item (- for none, * to show all)? (? for menu, Esc to quit)
It sticks to your hand!
n - a cursed -3 dire flail (weapon)
Are you sure you want to abandon this character and quit the game? (Confirm with "yes".)

# ...
.....#####
.......@.#
...#####)#
##<######
#..)....#
#..####.#
#....##.#
#####.##.##.#
#........##.#
#.###.......#


There were no monsters in sight!

Action                   |  1- 3 |  4- 6 || total
-------------------------+-------+-------++-------
Melee: Flail             |    40 |     4 ||    44
       Unarmed           |     4 |     2 ||     6
 Abil: Spit Poison       |     4 |       ||     4
  Use: Potion            |     1 |       ||     1

Notes
Turn   | Place    | Note
--------------------------------------------------------------
     0 | D:1      | Duffy the Naga Fighter began the quest for the Orb.
     0 | D:1      | Reached XP level 1. HP: 21/21 MP: 1/1
    26 | D:1      | Noticed a wolf
    26 | D:1      | Noticed a polar bear
    26 | D:1      | Noticed a lindwurm
    26 | D:1      | Noticed a swamp drake
    26 | D:1      | Noticed a redback
   191 | D:2      | Reached XP level 2. HP: 25/28 MP: 2/2
   588 | D:2      | Found an opulent altar of Gozag.
   602 | D:3      | Reached XP level 3. HP: 12/34 MP: 3/3
   604 | D:3      | Reached skill level 3 in Maces & Flails
   604 | D:3      | Reached skill level 3 in Shields
   848 | D:4      | Noticed Edmund
   850 | D:4      | Noticed Natasha
   886 | D:3      | Killed Edmund
   886 | D:3      | Reached skill level 4 in Maces & Flails
   886 | D:3      | Reached XP level 4. HP: 27/42 MP: 4/4
   886 | D:3      | Reached XP level 5. HP: 31/49 MP: 5/5
   898 | D:4      | Killed Natasha
   935 | D:4      | Noticed Natasha
  1106 | D:3      | Quit the game

Vault maps used:
D:1:      onia_arrival_zoo_common
D:2:      grunt_gozag_statues, ecumenical_altar_1
D:4:      gup_sewer_entry_spiral, serial_shops, nicolae_shop_statue_plus,
          fedhas_altar_2, uniq_natasha, uniq_edmund

Vanquished Creatures
  Edmund Natasha
  An adder
  3 gnolls
  4 giant cockroaches
  A hobgoblin
  A ball python
  A bat
  2 rats
15 creatures vanquished.
